 Dungeon Crawl Stone Soup version 0.25-a0-561-g0977b4d (webtiles) character file.

Game seed: 10482203585054422675, levelgen mode: deterministic

23861 b5mith the Fighter (level 12, 0/115 HPs)
             Began as a Minotaur Berserker on Feb 25, 2020.
             Was a High Priest of Trog.
             Killed by divine providence
             ... invoked by an orc priest
              (13 damage)
             ... on level 1 of the Orcish Mines.
             The game lasted 00:50:52 (14958 turns).

b5mith the Fighter (Minotaur Berserker)            Turns: 14958, Time: 00:50:53

Health: 0/115      AC: 17    Str: 30    XL:     12   Next: 75%
Magic:  11/11      EV: 18    Int:  4    God:    Trog [*****.]
Gold:   1366       SH:  0    Dex:  7    Spells: 11/11 levels left

rFire    . . .     SeeInvis .   i - +2 great mace (vorpal)
rCold    + . .     Gourm    .   (shield currently unavailable)
rNeg     + + .     Faith    .   B - +5 ring mail "Dismomehitz" {rC+ rN++ Str+4 Dex-4}
rPois    .         Spirit   .   (helmet restricted)
rElec    .         Reflect  .   M - +1 cloak
rCorr    .         Harm     .   (no gloves)
MR       +....                  k - +0 pair of boots
Stlth    ..........             d - amulet of the acrobat
HPRegen  0.29/turn              w - +3 ring of evasion
MPRegen  0.12/turn              m - ring of protection from magic

@: berserk cooldown, slowed, very slow
A: retaliatory headbutt, horns 2
a: Berserk, Trog's Hand, Brothers in Arms, Renounce Religion


You were on level 1 of the Orcish Mines.
You worshipped Trog.
Trog was extremely pleased with you.
You were not hungry.

You visited 3 branches of the dungeon, and saw 13 of its levels.

You collected 1366 gold pieces.

Inventory:

Hand Weapons
 a - a +0 mace
 i - a +2 vorpal great mace (weapon)
   (Trog gifted it to you on level 2 of the Orcish Mines)
 p - a +0 morningstar
   (You took it off an orc on level 3 of the Dungeon)
 L - a +4 great mace
   (Trog gifted it to you on level 9 of the Dungeon)
 S - a +5 dire flail of flaming
   (Trog gifted it to you on level 10 of the Dungeon)
Missiles
 t - 19 poisoned darts (quivered)
 H - 93 arrows
Armour
 k - a +0 pair of boots (worn)
   (You found it on level 2 of the Dungeon)
 x - a +0 ring mail
   (You found it on level 4 of the Dungeon)
 y - a +0 plate armour
   (You found it on level 5 of the Dungeon)
 B - the +5 ring mail "Dismomehitz" (worn) {rC+ rN++ Str+4 Dex-4}
   (You found it on level 9 of the Dungeon)

   It affects your strength (+4).
   It affects your dexterity (-4).
   It protects you from cold.
   It greatly protects you from negative energy.
   If you remove this armour, your AC will decrease by 13 (17 -> 4).
 M - a +1 cloak (worn)
   (You found it on level 7 of the Dungeon)
Jewellery
 d - an amulet of the acrobat (around neck)
   (You found it on level 4 of the Dungeon)
 f - a +5 ring of intelligence
   (You found it on level 1 of the Dungeon)
 m - a ring of protection from magic (right hand)
   (You found it on level 1 of the Dungeon)
 r - an uncursed ring of protection from cold
   (You took it off a hobgoblin on level 3 of the Dungeon)
 w - a +3 ring of evasion (left hand)
   (You found it on level 4 of the Dungeon)
Wands
 g - a wand of polymorph (15)
   (You took it off an orc on level 3 of the Dungeon)
 D - a wand of paralysis (5)
   (You took it off Ijyb on level 5 of the Dungeon)
 G - a wand of flame (26)
   (You found it on level 5 of the Dungeon)
 O - a wand of disintegration (10)
   (You found it on level 7 of the Dungeon)
Scrolls
 e - 11 scrolls of identify {@r1}
 j - 2 scrolls of enchant weapon
 l - 5 scrolls of teleportation
 n - a scroll of random uselessness {unknown}
 o - 2 scrolls of remove curse {@r2}
 F - 2 scrolls of enchant armour
 I - a scroll of magic mapping
 J - a scroll of blinking {unknown}
 N - a scroll of fog
Potions
 h - 3 potions of flight
 s - a potion of might {unknown}
 u - a potion of heal wounds {unknown}
 v - a potion of cancellation
 z - a potion of mutation {unknown}
 A - a potion of magic {unknown}
 C - 2 potions of haste
 E - 3 potions of curing {@q1}
 K - a potion of ambrosia {unknown}
 P - a potion of brilliance {unknown}
 Q - a potion of degeneration {unknown}
Comestibles
 b - 11 chunks of flesh
 c - 8 rations


   Skills:
 + Level 13.1 Fighting
 + Level 13.1 Maces & Flails
 + Level 12.9 Armour
 + Level 11.9 Dodging


You had 11 spell levels left.
You didn't know any spells.
Your spell library was empty.

Dungeon Overview and Level Annotations

Branches:
Dungeon (10/15)            Temple (1/1) D:7            Lair (0/6) D:10
    Orc (2/2) D:9             Elf (0/3) Orc:2

Altars:
Ashenzari
Cheibriados
Dithmenos
Elyvilon
Fedhas
Gozag
Hepliaklqana
Kikubaaqudgha
Makhleb
Nemelex Xobeh
Okawaru
Qazlal
Ru
Sif Muna
Trog
Uskayaw
Vehumet
Wu Jian
Xom
Yredelemnul
Zin
The Shining One
Beogh

Shops:
D:8 *   D:10 *   Orc:2 :==?

Portals:
Trove: D:10 (give +2 shadow dragon scales)


Innate Abilities, Weirdness & Mutations

You reflexively headbutt those who attack you in melee.
You have a pair of horns on your head.


Message History

You are too injured to fight recklessly!
You are too injured to fight recklessly!
A red film seems to cover your vision as you go berserk!
You feel yourself moving faster!
You feel mighty!
You are feeling very hungry.
The ogre mage points at you and mumbles some strange words.
The bolt of cold hits you! You resist.
* * * LOW HITPOINT WARNING * * *
You feel a strong urge to attack something.
The ogre mage closely misses you. The ogre mage completely misses you.
You sock the ogre mage! You headbutt the ogre mage!
The ogre mage is almost dead.
You hit the ogre mage. Your headbutt misses the ogre mage.
The ogre mage is almost dead.
The ogre mage gestures at you while chanting.
The bolt of fire hits you!!!
* * * LOW HITPOINT WARNING * * *
You bludgeon the ogre mage!!
You kill the ogre mage!
Trog accepts your kill.
Trog appreciates your killing of a magic user.
You now have 1366 gold pieces (gained 102).
Things that are here:
a +0 halberd; a +0 robe; an ogre corpse You butcher the ogre corpse.
You feel a strong urge to attack something.
b - 12 chunks of flesh (gained 6)
Things that are here:
a +0 halberd; a +0 robe; an ogre skeleton You are no longer berserk.
You are exhausted.
You feel yourself slow down.
Eating one of 12 chunks of flesh.
You eat one of the 12 chunks of flesh.
This raw flesh tastes terrible.
There is a stone staircase leading up here.
You climb upwards.
The orc warrior shouts!
The orc priest shouts! x2; The orc warrior shouts! x2
The orc shouts! x2
An orc and an orc priest come into view.
The orc throws a boomerang.
The boomerang closely misses you.
The weapon returns to the orc!
An orc comes into view. It is wielding a +0 dagger.
The orc throws a boomerang.
The boomerang closely misses you.
The weapon returns to the orc!
There is a stone staircase leading down here.
You can't go up here!
The orc priest invokes the aid of Beogh against you.
Beogh smites you!
You die...

...............
...............
......oo..o.o.
..#......o...
.......oo.o##
....o.......##
.............#
.......@.o..#
............#
.....#.#.....#
.##. ## ###.##
# #


You could see 3 orc warriors, 3 orc priests and 4 orcs.

Vanquished Creatures
  An orc warlord (Orc:1)
  A vault guard (D:10)
  4 ogre magi
  14 two-headed ogres
  Urug (D:10)
  An orc sorcerer (Orc:1)
  A cyclops (Orc:1)
  A troll (Orc:1)
  A queen bee (D:8)
  A hornet (D:9)
  A hippogriff (D:8)
  3 yaks
  A warg (Orc:1)
  A water moccasin (D:10)
  4 ice beasts
  11 orc warriors
  2 sky beasts (D:6)
  A black bear (D:8)
  A phantom (D:9)
  25 ogres
  4 centaurs
  4 bullfrogs
  A gnoll sergeant (D:9)
  4 scorpions
  16 killer bees
  5 wights (D:10)
  2 howler monkeys
  5 crimson imps
  A bullfrog zombie (D:6)
  10 hounds
  A centaur zombie (D:8)
  13 orc priests
  2 jellies
  2 gnoll shamans
  13 orc wizards
  4 bullfrog skeletons
  Ijyb (D:5)
  4 worker ants
  3 iguanas
  2 hound skeletons
  A howler monkey zombie (D:6)
  24 gnolls
  10 adders
  3 oozes
  2 adder skeletons
  A worm (D:3)
  2 dart slugs (D:1)
  6 leopard geckos
  51 orcs
  5 giant cockroaches
  4 hobgoblins
  13 jackals
  2 quokkas
  A ball python (D:3)
  4 bats
  2 frilled lizards (D:1)
  9 goblins
  7 kobolds
  A quokka skeleton (D:3)
  5 rats
326 creatures vanquished.

Notes
Turn   | Place    | Note
-------+----------+-------------------------------------------
     0 | D:1      | b5mith the Minotaur Berserker began the quest for the Orb.
     0 | D:1      | Reached XP level 1. HP: 19/19 MP: 0/0
   200 | D:1      | Reached XP level 2. HP: 23/27 MP: 1/1
   470 | D:1      | You fall into a shaft and drop 1 floor!
   643 | D:1      | Reached XP level 3. HP: 26/33 MP: 2/2
   724 | D:1      | Reached ** piety under Trog
   934 | D:2      | You fall into a shaft and drop 2 floors!
   992 | D:4      | Noticed a scorpion
   997 | D:4      | Reached XP level 4. HP: 12/41 MP: 3/3
  1008 | D:3      | Found a shadowy altar of Dithmenos.
  1019 | D:3      | HP: 1/41 [scorpion (4)]
  1035 | D:3      | HP: 2/41 [jackal (2)]
  1834 | D:3      | Reached XP level 5. HP: 31/47 MP: 4/4
  1873 | D:3      | Found a shadowy altar of Dithmenos.
  2328 | D:3      | Reached skill level 5 in Fighting
  2481 | D:3      | Reached skill level 5 in Maces & Flails
  2794 | D:4      | Reached XP level 6. HP: 56/56 MP: 5/5
  3001 | D:4      | Found a glowing golden altar of the Shining One.
  3002 | D:4      | Found a stormy altar of Qazlal.
  3003 | D:4      | Found an ancient bone altar of Kikubaaqudgha.
  3052 | D:4      | Found a shimmering altar of Xom.
  3188 | D:4      | Found a shattered altar of Ashenzari.
  3270 | D:5      | Entered Level 5 of the Dungeon
  3388 | D:5      | Noticed Ijyb
  3409 | D:5      | Killed Ijyb
  3696 | D:5      | Reached *** piety under Trog
  3705 | D:5      | Reached skill level 5 in Armour
  3708 | D:5      | Reached XP level 7. HP: 43/62 MP: 6/6
  4462 | D:6      | Reached skill level 5 in Dodging
  4602 | D:6      | Reached XP level 8. HP: 59/71 MP: 7/7
  5411 | D:7      | Found a sacrificial altar of Ru.
  5755 | D:7      | Reached **** piety under Trog
  5797 | D:7      | Found a basalt altar of Yredelemnul.
  6416 | D:7      | Found a staircase to the Ecumenical Temple.
  6426 | Temple   | Entered the Ecumenical Temple
  7244 | D:8      | Reached XP level 9. HP: 74/81 MP: 8/8
  7265 | D:8      | Found Ytiheg's General Store.
  7335 | D:8      | Noticed a queen bee
  7345 | D:8      | Killed a queen bee
  8046 | D:8      | Found a shimmering altar of Xom.
  8046 | D:8      | Found a shimmering altar of Xom.
  8128 | D:8      | Found an ornate altar of the Wu Jian Council.
  8222 | D:8      | Noticed a two-headed ogre
  8228 | D:8      | Killed a two-headed ogre
  8228 | D:8      | Reached XP level 10. HP: 48/91 MP: 9/9
  8921 | D:9      | Reached ***** piety under Trog
  8921 | D:9      | Received a gift from Trog
  8998 | D:9      | Noticed a two-headed ogre
  9008 | D:9      | Killed a two-headed ogre
  9008 | D:9      | Reached skill level 10 in Fighting
  9206 | D:9      | Found a staircase to the Orcish Mines.
  9238 | D:9      | Got a heavily runed ring mail
  9249 | D:9      | Identified the +5 ring mail "Dismomehitz" {rC+ rN++ Str+4
                  | Dex-4} (You found it on level 9 of the Dungeon)
  9273 | D:9      | Reached skill level 10 in Maces & Flails
  9608 | D:9      | Reached skill level 10 in Armour
 10492 | D:10     | Entered Level 10 of the Dungeon
 10696 | D:10     | Noticed Urug
 10715 | D:10     | Paralysed by Urug for 4 turns
 10722 | D:10     | Killed Urug
 10800 | D:10     | Found a roughly hewn altar of Beogh.
 11006 | D:10     | Received a gift from Trog
 11051 | D:10     | Reached XP level 11. HP: 97/101 MP: 10/10
 11054 | D:10     | Found a staircase to the Lair.
 11099 | D:10     | Found Wyubro's Demolitions Depot.
 11153 | D:10     | Noticed a vault guard
 11161 | D:10     | Killed a vault guard
 11166 | D:10     | Found a portal to a secret trove of treasure.
 11363 | Orc:1    | Entered Level 1 of the Orcish Mines
 11370 | Orc:1    | Noticed a two-headed ogre
 11380 | Orc:1    | Killed a two-headed ogre
 11657 | Orc:1    | Found a roughly hewn altar of Beogh.
 11691 | D:9      | Reached skill level 10 in Dodging
 12106 | Orc:2    | Entered Level 2 of the Orcish Mines
 12106 | Orc:2    | Found a staircase to the Elven Halls.
 12133 | Orc:2    | Noticed an orc warlord
 12158 | Orc:1    | Killed an orc warlord
 12414 | Orc:2    | Noticed an orc sorcerer
 12433 | Orc:2    | Noticed a sun demon
 12669 | Orc:2    | Noticed a sun demon
 12679 | Orc:1    | Killed an orc sorcerer
 13001 | Orc:2    | Noticed an ogre mage
 13043 | Orc:2    | Noticed a two-headed ogre
 13209 | Orc:2    | Killed a two-headed ogre
 13216 | Orc:2    | Killed an ogre mage
 13228 | Orc:2    | Noticed a two-headed ogre
 13248 | Orc:2    | Received a gift from Trog
 13254 | Orc:2    | Noticed a two-headed ogre
 13265 | Orc:2    | Killed a two-headed ogre
 13464 | Orc:1    | Killed a two-headed ogre
 13464 | Orc:1    | Reached XP level 12. HP: 53/112 MP: 11/11
 13833 | Orc:2    | Noticed a two-headed ogre
 13849 | Orc:1    | Killed a two-headed ogre
 13864 | Orc:2    | Noticed a two-headed ogre
 13896 | Orc:2    | Killed a two-headed ogre
 13917 | Orc:2    | Noticed a two-headed ogre
 13917 | Orc:2    | Noticed a two-headed ogre
 13936 | Orc:1    | Killed a two-headed ogre
 13940 | Orc:1    | Killed a two-headed ogre
 14240 | Orc:2    | Noticed an ogre mage
 14243 | Orc:2    | Noticed a two-headed ogre
 14261 | Orc:1    | Killed an ogre mage
 14499 | Orc:2    | Killed a two-headed ogre
 14557 | Orc:2    | Noticed a two-headed ogre
 14569 | Orc:2    | Killed a two-headed ogre
 14572 | Orc:2    | Noticed a two-headed ogre
 14577 | Orc:2    | Noticed an ogre mage
 14594 | Orc:2    | Killed a two-headed ogre
 14598 | Orc:2    | Killed an ogre mage
 14753 | Orc:2    | Noticed a two-headed ogre
 14768 | Orc:2    | Killed a two-headed ogre
 14843 | Orc:2    | Found Geull's Jewellery Emporium.
 14844 | Orc:2    | Found Powix's Magic Scroll Shop.
 14844 | Orc:2    | Found Duypneciri's Jewellery Emporium.
 14844 | Orc:2    | Found Weufown's Book Boutique.
 14927 | Orc:2    | Noticed an ogre mage
 14942 | Orc:2    | Killed an ogre mage
 14958 | Orc:1    | Killed from afar by an orc priest

Levels and vault maps discovered:
D:1:      roderic_crossed_star, layout_basic, minmay_misc_feat_pillars,
          wander_ebering_terrifying_dragon_lair
D:2:      layout_basic, first_ration, minmay_misc_feat_rugged
D:3:      layout_loops_ring, overflow_temple_1_default, mrwooster_statue_mirror,
          grunt_dithmenos_smoke
D:4:      layout_cave_pools, chequers_temple_overflow_statue_of_worship,
          lemuel_coloured_pillars_altar, kennysheep_mini_moat
D:5:      layout_gridville, minmay_misc_feat_more_columns, uniq_ijyb
D:6:      layout_basic
D:7:      layout_loops_cross, lemuel_round_altar, lemuel_temple_firewalk_b,
          lemuel_tele_altar
D:8:      layout_loops_ring, kennysheep_mini, serial_shops,
          nicolae_shop_statue_plus, david_nohive_1, xom_redecorated
D:9:      layout_layer_cave, orc_0_dummy
D:10:     lemuel_ice_spiral_2, layout_irregular_city, enter_trove_5,
          nicolae_blasting_shop, david_defended_altar_orc, uniq_urug
Temple:   eino_temple_water
Orc:1:    layout_caves, basic_altar, mines2_lemuel
Orc:2:    st_orc_ogre_mass, layout_caves, mines5_lemuel

Skill      XL: |  1  2  3  4  5  6  7  8  9 10 11 12 |
---------------+-------------------------------------+-----
Fighting       | 4 5 6 8 9 10 12 13 | 13.1
Armour         | 3 4 5 6 7 9 10 11 12 | 12.9
Maces & Flails | 4 5 6 7 9 10 12 13 | 13.1
Dodging        | 3 4 5 6 8 9 11 | 11.9

Action                   |  1- 3 |  4- 6 |  7- 9 | 10-12 || total
-------------------------+-------+-------+-------+-------++-------
Melee: Mace              |    58 |    42 |       |       ||   100
       Headbutt          |     3 |    22 |    54 |    74 ||   153
       Morningstar       |       |    58 |   308 |    75 ||   441
       Great mace        |       |       |       |   325 ||   325
Throw: Dart              |    31 |    36 |    27 |    60 ||   154
       Throwing net      |       |       |       |     1 ||     1
Invok: Berserk           |     1 |       |     3 |     5 ||     9
Evoke: Wand              |       |       |     5 |     3 ||     8
  Use: Scroll            |     1 |       |     1 |     8 ||    10
       Potion            |       |     3 |       |     1 ||     4
 Stab: Paralysed         |       |       |     2 |       ||     2
  Eat: Chunk             |       |     6 |     5 |    18 ||    29
       Ration            |       |     1 |     4 |     2 ||     7
Armor: Animal skin       |     8 |     3 |       |       ||    11
       Plate armour      |       |    19 |   262 |    43 ||   324
       Ring mail         |       |       |       |    95 ||    95
Dodge: Dodged            |    45 |    78 |   210 |   359 ||   692

Table legend:
 A = Non-vault XP
 B = Vault XP
 C = Vault XP percentage of total XP
 D = Non-vault monster count
 E = Vault monster count
 F = Vault count percentage of total count
                 A         B        C        D         E       F
            +---------+---------+-------+---------+---------+-------
      Total |   14823 |   19265 |  56.5 |     265 |      61 |  18.7
            +---------+---------+-------+---------+---------+-------
        D:1 |      32 |       3 |   8.6 |      20 |       1 |   4.8
        D:2 |      13 |       0 |   0.0 |       6 |       0 |   0.0
        D:3 |     179 |       0 |   0.0 |      33 |       0 |   0.0
        D:4 |     196 |       0 |   0.0 |       9 |       0 |   0.0
        D:5 |     420 |      38 |   8.3 |      25 |       1 |   3.8
        D:6 |    1254 |       0 |   0.0 |      23 |       0 |   0.0
        D:7 |     446 |     122 |  21.5 |      18 |       2 |  10.0
        D:8 |    2716 |    1149 |  29.7 |      30 |      15 |  33.3
        D:9 |    2827 |       0 |   0.0 |      36 |       0 |   0.0
       D:10 |     853 |    1922 |  69.3 |      23 |       5 |  17.9
      Orc:1 |    5564 |    5262 |  48.6 |      36 |      11 |  23.4
      Orc:2 |     323 |   10769 |  97.1 |       6 |      26 |  81.2
            +---------+---------+-------+---------+---------+-------
